 Dungeon Crawl Stone Soup version 0.28.0-1-gb440e238dd (webtiles) character file.

Game seed: 17171166111305055886

4756 issech the Basher (level 10, -2/90 HPs)
             Began as a Troll Monk on Feb 24, 2022.
             Was a Priest of Hepliaklqana.
             Slain by a freezing wraith (4 damage)
             ... on level 8 of the Dungeon.
             The game lasted 00:27:08 (6788 turns).

issech the Basher (Troll Monk)                      Turns: 6788, Time: 00:27:08

Health: -2/90      AC:  6    Str: 21    XL:     10   Next: 23%
Magic:  9/9        EV: 14    Int:  6    God:    Hepliaklqana [***...]
Gold:   406        SH:  0    Dex: 22    Spells: 9/9 levels left

rFire   + . .      SeeInvis .   E - +0 giant spiked club
rCold   . . .      Faith    .   (shield currently unavailable)
rNeg    . . .      Spirit   .   b - +0 robe
rPois   .          Reflect  .   (helmet restricted)
rElec   .          Harm     .   J - +1 cloak {Will+}
rCorr   .          Rampage  .   (gloves unavailable)
Will    +....                   (boots unavailable)
Stlth   +++.......              (no amulet)
HPRegen 1.05/turn               i - ring of protection from fire
MPRegen 0.11/turn               G - +6 ring of dexterity

@: slowed, very slow
A: reduced essence, large, unfitting armour, claws 3, regeneration 1, shaggy fur
1, tough skin 1
a: Renounce Religion, Recall Ancestor, Ancestor Identity, Transference


You were on level 8 of the Dungeon.
You worshipped Hepliaklqana.
Hepliaklqana was most pleased with you.
You visited 2 branches of the dungeon, and saw 9 of its levels.

You collected 406 gold pieces.

Inventory:

Hand Weapons
 E - a +0 giant spiked club (weapon)
 F - the +4 dagger of Ujaneer {vorpal, rN+ Stlth+}
   (You found it on level 5 of the Dungeon)

   It inflicts extra damage upon your enemies.
   rN:        It protects you from negative energy.
   Stlth:     It makes you more stealthy.
 I - a +2 quarterstaff of chaos
 K - the +2 mace "Hell-Harrower" {freeze, rC- rN+ Str+3 Dex+8}
   (You found it on level 5 of the Dungeon)

   It freezes those it strikes, dealing additional cold damage.
   It can also slow down cold-blooded creatures.
   Str:       It affects your strength (+3).
   Dex:       It affects your dexterity (+8).
   rC:        It makes you vulnerable to cold.
   rN:        It protects you from negative energy.
 P - a +2 vorpal flail
 T - a +0 hunting sling
 V - a +3 mace
Missiles
 a - a curare-tipped dart
 d - 22 poisoned darts
 f - 186 arrows
 g - 223 stones
 n - 90 sling bullets
 s - 123 bolts
 B - 4 javelins
 L - 5 boomerangs (quivered)
Armour
 b - a +0 robe (worn)
 J - a +1 cloak of willpower (worn)
Jewellery
 i - a ring of protection from fire (left claw)
 x - a ring of positive energy
 G - a +6 ring of dexterity (right claw)
Wands
 p - a wand of flame (45)
 C - a wand of charming (12)
 D - a wand of acid (13)
 S - a wand of polymorph (9)
Scrolls
 c - 5 scrolls of enchant armour
 e - 2 scrolls of teleportation
 h - 2 scrolls of enchant weapon
 j - 2 scrolls of immolation
 m - 3 scrolls of fog
 H - a scroll of magic mapping {unknown}
 N - a scroll of fear {unknown}
 O - a scroll of holy word {unknown}
 U - a scroll of torment {unknown}
Potions
 l - a potion of haste {unknown}
 o - 5 potions of curing
 q - a potion of might {unknown}
 r - a potion of degeneration {unknown}
 t - 3 potions of brilliance {unknown}
 u - 2 potions of attraction {unknown}
 w - a potion of berserk rage {unknown}
 z - a potion of cancellation {unknown}


   Skills:
 + Level 6.5 Fighting
 + Level 9.4 Maces & Flails
 + Level 1.0 Throwing
 + Level 6.1 Dodging
 + Level 3.7 Stealth


You had 9 spell levels left.
You didn't know any spells.
Your spell library contained the following spells:

 Spells                   Type           Power      Damage    Failure   Level
 Ozocubu's Armour         Ice            0%         N/A       83%         3
 Stone Arrow              Conj/Erth      0%         3d7       83%         3
 Tukima's Dance           Hex            0%         N/A       83%         3
 Animate Armour           Summ/Erth      0%         N/A       99%         4
 Passage of Golubria      Tloc           0%         N/A       99%         4
 Yara's Violent Unravell  Hex/Tmut       0%         3d3       100%        5
 Ozocubu's Refrigeration  Ice            0%         4d5       100%        7
 Lehudib's Crystal Spear  Conj/Erth      0%         10d2      100%        8


Dungeon Overview and Level Annotations

Branches:
Dungeon (8/15)             Temple (1/1) D:4
   Lair: D:8-11

Altars:
Ashenzari
Cheibriados
Dithmenos
Elyvilon
Fedhas
Gozag
Hepliaklqana
Kikubaaqudgha
Makhleb
Nemelex Xobeh
Okawaru
Qazlal
Ru
Sif Muna
Trog
Uskayaw
Vehumet
Wu Jian
Xom
Yredelemnul
Zin
The Shining One

Shops:
D:6 =


Innate Abilities, Weirdness & Mutations

Your life essence is reduced to manifest your ancestor. (-10% HP)
You are too large for most types of armour.
You have claws for hands.
Your natural rate of healing is unusually fast.
You are covered in fur. (AC +1)
You have tough skin. (AC +1)


Message History

You barely miss the ice devil. The freezing wraith closely misses you.
The freezing wraith hits you. The ice devil misses you.
You closely miss the ice devil. The freezing wraith misses you.
The freezing wraith hits you. The freezing wraith drains your vigour!
You feel yourself slow down. The ice devil closely misses you.
Baqqanum hits the ice devil with a +0 quarterstaff!
A white imp comes into view.
The freezing wraith hits you! The freezing wraith freezes you!
The freezing wraith hits you. The freezing wraith drains your vigour!
You feel as though you will be slow longer.
The freezing wraith hits you but does no damage.
The freezing wraith hits you!
A white imp comes into view. x2
The ice devil barely misses you.
Baqqanum hits the ice devil but does no damage.
The ice devil hits Baqqanum.
The ice devil freezes Baqqanum.
Baqqanum resists.
Baqqanum hits the ice devil with a +0 quarterstaff!
Baqqanum misses the ice devil.
The ice devil hits Baqqanum!
The ice devil freezes Baqqanum!
Baqqanum resists.
The freezing wraith hits you. The freezing wraith freezes you!
The freezing wraith barely misses you.
Baqqanum hits the ice devil with a +0 quarterstaff!
The ice devil completely misses Baqqanum.
The white imp closely misses you.
The ice devil hits Baqqanum!
Baqqanum is destroyed!
The white imp spits at you.
The white imp shouts, "Turn tail, thou baffled dismal-dreaming hugger-mugger!"
The freezing wraith hits you. The freezing wraith freezes you!
* * * LOW HITPOINT WARNING * * *
The freezing wraith barely misses you.
The white imp disappears for a moment.
There is a huge open gate here.
The freezing wraith hits you.
* * * LOW HITPOINT WARNING * * *
The freezing wraith freezes you!
* * * LOW HITPOINT WARNING * * *
The freezing wraith hits you.
You die...

#.####.## ....#≈≈ ....
#.####.#≈. #..≈# #..#
......###.. #..≈###
≈..# ....###
≈...##.4#≈≈##≈..##
....#
##........#≈≈#....
....#
≈........5........
....#
########..5W......#
....#
#......####W'''####
....# ###.##....@....#
#.#.#####.############
..........#
.....###### #.#.##
######### ..#.#
#####.......# .##.#
#.....#####.# ....#
#.....#####.# .####
####........##.#


You could see 2 freezing wraiths and a white imp.

Vanquished Creatures
  A two-headed ogre (D:7)
  A wyvern (D:8)
  Sigmund (D:5)
  A water moccasin (D:7)
  2 sky beasts
  2 orc warriors (D:8)
  An ice beast (D:8)
  2 necrophages
  An ogre (D:5)
  A lemure (D:6)
  2 phantoms (D:4)
  2 scorpions
  3 wights (D:7)
  A hound (D:5)
  4 jellies
  2 orc priests
  2 centaur skeletons
  Jessica (D:3)
  Ijyb (D:5)
  An orc wizard (D:8)
  A hound skeleton (D:5)
  3 gnolls (D:7)
  3 adders
  A white imp (D:8)
  A worm (D:2)
  2 dart slugs
  16 orcs
  2 ball pythons (D:4)
  7 bats
  10 endoplasms
  A giant cockroach (D:4)
  4 goblins
  9 hobgoblins
  3 quokkas
  7 kobolds
  7 rats
109 creatures vanquished.

Vanquished Creatures (collateral kills)
  Pikel (D:6)
  A centaur zombie (D:5)
  Menkaure (D:7)
  Edmund (D:6)
  A sky beast (D:6)
  A black bear (D:5)
  An ice beast (D:8)
  A necrophage (D:7)
  2 kobold brigands
  A wyvern zombie (D:5)
  5 wights (D:7)
  Crazy Yiuf (D:5)
  2 jellies
  An orc priest (D:5)
  A gnoll shaman (D:7)
  3 orc wizards
  2 iguanas
  A killer bee zombie (D:8)
  2 gnolls (D:7)
  7 adders
  7 orcs
  An endoplasm (D:4)
  8 kobolds
52 creatures vanquished.

Vanquished Creatures (others)
  4 battlemagi
4 creatures vanquished.

Grand Total: 165 creatures vanquished

Notes
Turn   | Place    | Note
-------+----------+-------------------------------------------
     0 | D:1      | issech the Troll Monk began the quest for the Orb.
     0 | D:1      | Reached XP level 1. HP: 22/22 MP: 0/0
   180 | D:1      | Reached XP level 2. HP: 29/29 MP: 1/1
   256 | D:1      | Found a faded altar of an unknown god.
   845 | D:2      | Reached skill level 3 in Maces & Flails
   948 | D:2      | Found a hide-covered altar of Uskayaw.
  1037 | D:2      | Reached XP level 3. HP: 36/36 MP: 2/2
  1554 | D:3      | Noticed Jessica
  1576 | D:3      | Killed Jessica
  1577 | D:3      | Reached XP level 4. HP: 39/45 MP: 3/3
  2126 | D:4      | Found a radiant altar of Vehumet.
  2153 | D:4      | Noticed a phantom
  2154 | D:4      | Noticed a necrophage
  2183 | D:3      | Killed a necrophage
  2184 | D:3      | Reached skill level 4 in Maces & Flails
  2184 | D:3      | Reached XP level 5. HP: 23/52 MP: 4/4
  2231 | D:4      | Killed a phantom
  2232 | D:4      | Reached XP level 6. HP: 45/61 MP: 5/5
  2497 | D:4      | Reached skill level 5 in Maces & Flails
  2516 | D:4      | Noticed a sky beast
  2581 | D:4      | Killed a sky beast
  2667 | D:4      | Found a staircase to the Ecumenical Temple.
  2697 | Temple   | Entered the Ecumenical Temple
  2803 | Temple   | Became a worshipper of Hepliaklqana the Forgotten
  2803 | Temple   | Reached * piety under Hepliaklqana
  2803 | Temple   | Reached ** piety under Hepliaklqana
  2804 | Temple   | Remembered your ancestor Baqqanum as a battlemage
  2927 | D:4      | Reached XP level 7. HP: 60/61 MP: 6/6
  3197 | D:5      | Entered Level 5 of the Dungeon
  3347 | D:5      | Reached skill level 6 in Maces & Flails
  3353 | D:5      | Reached XP level 8. HP: 29/71 MP: 7/7
  3593 | D:5      | Reached skill level 5 in Fighting
  3593 | D:5      | Reached skill level 7 in Maces & Flails
  3627 | D:5      | Found a runed translucent door.
  3629 | D:5      | Noticed Crazy Yiuf
  3772 | D:5      | Identified the +4 dagger of Ujaneer {vorpal, rN+ Stlth+}
  3776 | D:5      | Noticed Ijyb
  3780 | D:5      | Killed Ijyb
  3971 | D:5      | Noticed Sigmund
  3983 | D:5      | Killed Sigmund
  3984 | D:5      | Reached skill level 5 in Dodging
  4083 | D:5      | Killed Crazy Yiuf
  4089 | D:5      | Identified the +2 mace "Hell-Harrower" {freeze, rC- rN+
                  | Str+3 Dex+8}
  4247 | D:6      | Noticed Pikel
  4257 | D:6      | Killed Pikel
  4258 | D:6      | Reached skill level 8 in Maces & Flails
  4258 | D:6      | Reached XP level 9. HP: 62/79 MP: 8/8
  4357 | D:6      | Noticed Edmund
  4363 | D:6      | Killed Edmund
  4487 | D:6      | Found Suihas's Jewellery Shoppe.
  4910 | D:7      | Noticed a two-headed ogre
  4971 | D:7      | HP: 2/80 [two-headed ogre (16)]
  5090 | D:7      | Killed a two-headed ogre
  5315 | D:7      | Reached skill level 9 in Maces & Flails
  5349 | D:7      | Noticed Menkaure
  5358 | D:7      | Killed Menkaure
  5359 | D:7      | Reached XP level 10. HP: 24/90 MP: 9/9
  6118 | D:8      | Reached *** piety under Hepliaklqana
  6144 | D:8      | Reached skill level 1 in Throwing
  6788 | D:8      | HP: 2/90 [freezing wraith (14)]
  6788 | D:8      | Slain by a freezing wraith

Illustrated notes

Levels and vault maps discovered:
D:1:      saegor_arrival_under_anarchy, layout_basic,
          chequers_ecumenical_altar_simple
D:2:      layout_rooms, basic_altar
D:3:      layout_loops_cross, uniq_jessica
D:4:      kennysheep_six_static_rooms, layout_rooms, marbit_many_paths,
          minmay_temple_entry_nine_rooms, hangedman_decor_peaks_small
D:5:      layout_loops_ring, uniq_crazy_yiuf_cottage, uniq_sigmund, uniq_ijyb
D:6:      layout_basic, serial_shops, shop, uniq_pikel, uniq_edmund
D:7:      layout_loops_ring, serial_rivers, chequers_serial_rivers_micro_b,
          chequers_serial_rivers_small_3, chequers_serial_rivers_small_3,
          chequers_serial_rivers_room_b, chequers_serial_rivers_micro_e,
          uniq_menkaure
D:8:      layout_loops_cross, hellmonk_guarded_unrand_frostbite
Temple:   compressed_dpeg_circular_temple

Skill      XL: |  1  2  3  4  5  6  7  8  9 10 |
---------------+-------------------------------+-----
Maces & Flails | 3 4 5 6 8 9 |  9.4
Fighting       | 3 4 5 6 |  6.5
Dodging        | 3 4 5 6 |  6.1
Stealth        | 2 3 |  3.7
Throwing       | 1 |  1.0

Action                   |  1- 3 |  4- 6 |  7- 9 | 10-12 || total
-------------------------+-------+-------+-------+-------++-------
Melee: Mace              |   131 |   130 |   134 |    81 ||   476
       Punch             |     2 |       |     5 |     2 ||     9
       Giant spiked club |       |       |    25 |     2 ||    27
       Flail             |       |       |     6 |       ||     6
Throw: Boomerang         |       |       |     5 |       ||     5
Invok: Ancestor Life: Ba |       |     1 |       |       ||     1
  Use: Scroll            |       |     3 |       |     2 ||     5
 Stab: Sleeping          |     2 |       |     6 |     2 ||    10
       Distracted        |       |       |     2 |     3 ||     5
Armor: Robe              |    71 |    32 |    33 |    21 ||   157
Dodge: Dodged            |   117 |    88 |   109 |    69 ||   383
